 Dungeon Crawl Stone Soup version 0.30.1-3-gfc49f6343a (webtiles) character file.

Game seed: 6328042813645524127

925 spardeous the Geomancer (level 7, -2/50 HPs)
             Began as a Demigod Earth Elementalist on July 21, 2023.
             Slain by a killer bee (3 damage)
             ... on level 7 of the Dungeon.
             The game lasted 00:15:47 (4621 turns).

spardeous the Geomancer (DgEE)                      Turns: 4621, Time: 00:15:47

Health: -2/50      AC:  5    Str: 15    XL:     7   Next: 54%
Magic:  3/12       EV: 11    Int: 25    God:
Gold:   61         SH:  0    Dex: 14    Spells: 5/9 levels left

rFire   . . .        m - +0 spear (freeze)
rCold   . . .        (no shield)
rNeg    . . .        D - +0 leather armour
rPois   .            (no helmet)
rElec   .            y - +0 cloak
rCorr   .            q - +0 pair of gloves
SInv    .            (no boots)
Will    .....        (no amulet)
Stlth   ++           v - +6 ring of strength
HPRegen 0.28/turn    (no ring)
MPRegen 0.13/turn

%: no passive effects
@: lethally poisoned (-2 -> -9)
A: high MP 1, forlorn, divine attributes
a: no special abilities


You were on level 7 of the Dungeon.
You visited 1 branch of the dungeon, and saw 6 of its levels.
You also visited: Sewer.

You collected 263 gold pieces.
You spent 202 gold pieces at shops.

Inventory:

Hand Weapons
 m - a +0 spear of freezing (weapon)
Missiles
 j - 4 atropa-tipped darts
 k - 2 boomerangs
 Q - 34 stones (quivered)
Armour
 a - a +0 robe
 q - a +0 pair of gloves (worn)
 y - a +0 cloak (worn)
 D - a +0 leather armour (worn)
Jewellery
 v - a +6 ring of strength (left hand)
Wands
 w - a wand of charming (10)
Scrolls
 d - 3 scrolls of torment
 f - 3 scrolls of fear
 h - 5 scrolls of teleportation {unknown}
 l - a scroll of vulnerability {unknown}
 n - 2 scrolls of enchant weapon {unknown}
 r - a scroll of poison
 t - a scroll of noise
 u - a scroll of fog
 x - 2 scrolls of magic mapping {unknown}
 B - 5 scrolls of enchant armour
 G - 3 scrolls of identify
Potions
 b - a potion of magic {!q}
 c - 3 potions of flight {unknown}
 e - 3 potions of brilliance {unknown}
 g - 4 potions of heal wounds {unknown}
 i - a potion of attraction
 o - 2 potions of might {unknown}
 p - 3 potions of curing {unknown}
 s - a potion of invisibility
 z - a potion of mutation
 A - a potion of haste
 C - a potion of degeneration
 E - a potion of berserk rage {unknown}
 F - a potion of resistance {unknown}


   Skills:
 - Level 1.7 Dodging
 - Level 1.7 Stealth
 - Level 1.7 Spellcasting
 - Level 0.8 Transmutations
 + Level 8.7 Earth Magic


You had 5 spell levels left.
You knew the following spells:

 Your Spells              Type           Power      Damage    Failure   Level
a - Stone Arrow           Conj/Erth      48%        3d10      7%          3
z - Sandblast             Erth           92%        2d19      1%          1

Your spell library contained the following spells:

 Spells                   Type           Power      Damage    Failure   Level
 Passwall                 Tmut/Erth      21%        N/A       3%          2
 Freeze                   Ice            8%         1d3       14%         1
 Petrify                  Tmut/Erth      26%        N/A       19%         4
 Frozen Ramparts          Ice            4%         1d1       38%         3
 Hailstorm                Conj/Ice       2%         3d3       38%         3
 Summon Guardian Golem    Hex/Summ       2%         N/A       38%         3
 Vhi's Electric Charge    Tloc/Air       4%         N/A       38%         3
 Borgnjor's Vile Clutch   Necr/Erth      12%        N/A       54%         5
 Alistair's Intoxication  Tmut/Pois      2%         N/A       97%         5
 Arcjolt                  Conj/Air       1%         1d11      98%         5
 Eringya's Noxious Bog    Tmut/Pois      2%         N/A       100%        6
 Plasma Beam              Fire/Air       1%         2x1d12    100%        6
 Orb of Destruction       Conj           1%         9d5       100%        7
 Spellforged Servitor     Conj/Summ      1%         N/A       100%        7


Dungeon Overview and Level Annotations

Branches:
Dungeon (5/15)              Sewer (visited)
 Temple: D:4-7

Shops:
D:7 ?


Innate Abilities, Weirdness & Mutations

You have an increased reservoir of magic. (+10% MP)
You shall have no god before yourself.
Your divine heritage dramatically boosts your attributes as you level up.


Message History

The killer bee closely misses you. The killer bee stings you.
* * * LOW HITPOINT WARNING * * *
The killer bee closely misses you.
Casting: Sandblast (safe; 1% risk of failure)
Confirm with . or Enter, or press ? or * to list all spells.
Aiming: Sandblast (safe; 1% risk of failure)
Press: ? - help, Shift-Dir - straight line, f/p - killer bee
Aim: a killer bee (69% to hit)
The blast of sand hits the killer bee!
The killer bee is heavily wounded.
You feel sick.
The killer bee stings you but does no damage. x2
The killer bee closely misses you.
You take 6 damage, and have 21/50 hp.
You now have 4/12 mp.
Casting: Sandblast (safe; 1% risk of failure)
Confirm with . or Enter, or press ? or * to list all spells.
Aiming: Sandblast (safe; 1% risk of failure)
Press: ? - help, Shift-Dir - straight line, f/p - killer bee
Aim: a killer bee (heavily wounded, 69% to hit)
The blast of sand misses the killer bee.
The blast of sand hits the killer bee!
You kill the killer bee!
You feel sick. The killer bee completely misses you. The killer bee stings you.
* * * LOW HITPOINT WARNING * * *
You are more poisoned.
The killer bee poisons you! The killer bee closely misses you.
You take 7 damage, and have 14/50 hp.
Casting: Sandblast (safe; 1% risk of failure)
Confirm with . or Enter, or press ? or * to list all spells.
Aiming: Sandblast (safe; 1% risk of failure)
Press: ? - help, Shift-Dir - straight line, f/p - killer bee
Aim: a killer bee (heavily wounded, 69% to hit)
The blast of sand misses the killer bee.
You feel very sick. The killer bee stings you.
* * * LOW HITPOINT WARNING * * *
The killer bee stings you.
* * * LOW HITPOINT WARNING * * *
The killer bee stings you.
You die...

# .# .# #.#### ..
...... #y
######.#.#.# #.
######.#.#.###†######
...........>..†y@...#
######...#..######.##
####........#.......#
.......§§...#.###..##
.......§~§......#..#
...†..§.§~...##.#.(#
.......§~.~........#
..†...~...~.###.#.##
............# .#.#


You could see a killer bee.

Vanquished Creatures
  A sky beast (D:7)
  A black bear (D:7)
  A kobold brigand (D:7)
  A bullfrog (D:7)
  5 killer bees (D:7)
  2 orc priests
  2 hounds
  A sleepcap (D:7)
  An orc wizard (D:7)
  Terence (D:3)
  A hell rat (Sewer)
  5 adders
  3 river rats (Sewer)
  A worm (D:3)
  A dart slug (D:1)
  7 orcs
  4 ball pythons
  4 bats
  8 endoplasms
  6 giant cockroaches
  7 goblins
  8 hobgoblins
  13 kobolds
  5 quokkas
  4 frilled lizards
  8 rats
101 creatures vanquished.

Notes
Turn   | Place    | Note
-------+----------+-------------------------------------------
     0 | D:1      | spardeous the Demigod Earth Elementalist began the quest
                  | for the Orb.
     0 | D:1      | Reached XP level 1. HP: 14/14 MP: 5/5
   129 | D:1      | Reached skill level 3 in Earth Magic
   234 | D:1      | Reached XP level 2. HP: 19/20 MP: 0/7
   815 | D:2      | Reached XP level 3. HP: 26/26 MP: 4/8
   914 | D:2      | Reached skill level 4 in Earth Magic
  1466 | D:3      | Noticed Terence
  1475 | D:3      | Killed Terence
  1476 | D:3      | Reached XP level 4. HP: 12/33 MP: 3/9
  1590 | D:3      | Found a glowing drain.
  1599 | Sewer    | Entered a sewer
  1607 | Sewer    | Reached skill level 5 in Earth Magic
  1888 | D:3      | Saving game... please wait.
  2193 | D:3      | Reached XP level 5. HP: 38/38 MP: 8/10
  3071 | D:4      | Saving game... please wait.
  3892 | D:4      | Reached skill level 6 in Earth Magic
  4035 | D:4      | Learned a level 3 spell: Stone Arrow
  4063 | D:5      | Entered Level 5 of the Dungeon
  4080 | D:5      | You fall into a shaft and drop 2 floors!
  4114 | D:7      | Found Izoaput's Magic Scroll Shoppe.
  4180 | D:7      | Reached XP level 6. HP: 36/45 MP: 5/11
  4237 | D:7      | Reached skill level 7 in Earth Magic
  4266 | D:7      | Bought a scroll of fear for 60 gold pieces
  4266 | D:7      | Bought a scroll of identify for 30 gold pieces
  4266 | D:7      | Bought a scroll of enchant armour for 112 gold pieces
  4549 | D:7      | Reached XP level 7. HP: 50/50 MP: 9/12
  4553 | D:7      | Reached skill level 8 in Earth Magic
  4621 | D:7      | HP: 1/50 [killer bee (4)]
  4621 | D:7      | Slain by a killer bee

Illustrated notes

Levels and vault maps discovered:
D:1:      dpeg_arrival_connections, layout_basic
D:2:      layout_basic, shapermc_ecumenical_altar_acropolis,
          minmay_misc_feat_encased
D:3:      layout_basic, mainiacjoe_overflow_catwalk, gup_sewer_entry_bubbles,
          kennysheep_generic_room_11, uniq_terence
D:4:      layout_basic, amcnicky_altar_gilded, mainiacjoe_overflow_chevrons,
          led_sif_book
D:5:      layout_rooms, mainiacjoe_overflow_tiny_flanked, vehumet_crystals,
          minmay_temple_entry_mist, serial_shops, shop, minmay_misc_feat_tiny,
          uniq_pikel, uniq_menkaure, uniq_eustachio, uniq_grinder
D:7:      layout_basic, nicolae_qazlal_scattered_showers, serial_shops, shop,
          minivault_23

Skill      XL: |  1  2  3  4  5  6  7 |
---------------+----------------------+-----
Earth Magic    | 3 4 5 6 7 8 |  8.7
Dodging        | |  1.7
Stealth        | |  1.7
Spellcasting   | |  1.7
Transmutations | |  0.8

Action                     |  1- 3 |  4- 6 |  7- 9 || total
---------------------------+-------+-------+-------++-------
  Melee: Unarmed           |     2 |       |       ||     2
   Cast: Sandblast         |    65 |    91 |    13 ||   169
    Use: Scroll            |       |     9 |       ||     9
 Armour: Robe              |     9 |     3 |       ||    12
         Leather armour    |       |     6 |     5 ||    11
  Dodge: Dodged            |    22 |    18 |    14 ||    54
